 Dungeon Crawl Stone Soup version 0.30-a0-777-ga9a30cbeda (webtiles) character file.

Game seed: 13161626266777005205

154630 Monkooky the Fetichist (level 17, 0/156 HPs)
             Began as an Armataur Delver on Feb 13, 2023.
             Was an Elder of Ignis.
             Slain by a faun
             ... wielding a +0 spear
             ... led by a satyr
              (16 damage)
             ... on level 2 of the Shoals on Feb 14, 2023.
             The game lasted 01:40:33 (35732 turns).

Monkooky the Fetichist (Armataur Delver)           Turns: 35732, Time: 01:40:34

Health: 0/156      AC: 39    Str: 25    XL:     17   Next: 7%
Magic:  0/22       EV: 12    Int: 12    God:    Ignis [****..]
Gold:   702        SH:  0    Dex: 11    Spells: 13/23 levels left

rFire   + . .      SeeInvis +    p - +1 lajatang (elec)
rCold   + . .      Faith    .    (shield currently unavailable)
rNeg    + . .      Spirit   +    y - +0 pearl dragon scales
rPois   .          Reflect  .    m - +2 helmet
rElec   .          Harm     .    X - +1 cloak
rCorr   .          Roll     +    G - +0 pair of gloves
Will    .....                    k - +3 barding {rC+}
Stlth   +                        H - amulet of guardian spirit
HPRegen 0.46/turn                E - +5 ring of evasion
MPRegen 0.18/turn                T - ring of see invisible

@: lit by a corona, weak-willed, fiery-armoured, glowing
A: large, rugged brown scales 3, deformed body, armoured tail, roll, long
tongue, awkward tongue
a: Renounce Religion, Fiery Armour, Foxfire Swarm, Rising Flame


You were on level 2 of the Shoals.
You worshipped Ignis.
Ignis was greatly pleased with you.
You visited 6 branches of the dungeon, and saw 27 of its levels.
You visited the Abyss 1 time.
You also visited: Ossuary, Bailey, Gauntlet and Ice Cave.

You collected 2899 gold pieces.
You spent 2197 gold pieces at shops.

Inventory:

Hand Weapons
 p - a +1 lajatang of electrocution (weapon)
Missiles
 A - 3 poisoned darts
 B - 7 javelins
 R - a curare-tipped dart
 S - 17 boomerangs
 W - 5 throwing nets
Armour
 k - a +3 barding of cold resistance (worn)
 m - a +2 helmet (worn)
 y - +0 pearl dragon scales (worn)
 G - a +0 pair of gloves (worn)
 X - a +1 cloak (worn)
Jewellery
 E - a +5 ring of evasion (left hand)
 H - an amulet of guardian spirit (around neck)
 L - a +6 ring of strength
 T - a ring of see invisible (right hand)
 Y - the amulet "Tetep" {Acrobat rPois rC+ MP+9 Int-2}
   (You took it off a gnoll bouda in a bailey)

   [amulet of the acrobat]

   It increases your evasion while moving and waiting.
   Int:       It affects your intelligence (-2).
   rC:        It protects you from cold.
   rPois:     It protects you from poison.
   MP:        It affects your magic capacity (+9).
 Z - the ring "Sunucoc" {Fly rPois Int+6 Dex+4}
   (You found it on level 12 of the Dungeon)

   [ring of flight]

   Int:       It affects your intelligence (+6).
   Dex:       It affects your dexterity (+4).
   rPois:     It protects you from poison.
   Fly:       It grants you flight.
Wands
 a - a wand of paralysis (7)
 g - a wand of digging (2)
 x - a wand of flame (11) (quivered)
 M - a wand of polymorph (10)
 N - a wand of mindburst (10)
 O - a wand of acid (7)
Scrolls
 c - 6 scrolls of fog
 d - 4 scrolls of magic mapping
 h - 4 scrolls of poison
 l - 5 scrolls of teleportation
 n - 2 scrolls of butterflies
 r - 8 scrolls of silence
 s - 2 scrolls of immolation
 t - 2 scrolls of vulnerability
 I - 2 scrolls of amnesia
 J - a scroll of fear
 Q - 5 scrolls of blinking
 V - 2 scrolls of torment
Potions
 b - 3 potions of cancellation
 e - 7 potions of attraction
 f - 8 potions of brilliance
 i - a potion of magic
 j - 3 potions of haste
 o - 9 potions of flight
 q - 8 potions of lignification
 u - 7 potions of curing
 v - 4 potions of resistance
 w - a potion of heal wounds
 D - 4 potions of might
 F - 2 potions of berserk rage
 P - 4 potions of mutation
 U - a potion of invisibility
Miscellaneous
 z - a box of beasts
 C - a phantom mirror


   Skills:
 - Level 12.2 Fighting
 - Level 8.1(11.6) Maces & Flails
 - Level 13.0(14.0) Staves
 * Level 12.1 Throwing
 - Level 15.0 Armour
 - Level 4.3 Dodging
 - Level 5.5 Stealth
 - Level 3.6 Spellcasting
 - Level 0.1 Summonings
 - Level 8.4 Translocations
 - Level 0.2 Earth Magic
 - Level 15.0 Evocations


You had 13 spell levels left.
You knew the following spells:

 Your Spells              Type           Power      Damage    Failure   Level
a - Blink                 Tloc           44%        N/A       2%          2
b - Manifold Assault      Tloc           22%        N/A       14%         4
c - Animate Armour        Summ/Erth      4%         N/A       99%         4

Your spell library contained the following spells:

 Spells                   Type           Power      Damage    Failure   Level
 Lesser Beckoning         Tloc           44%        N/A       2%          2
 Momentum Strike          Conj/Tloc      24%        3d8       13%         2
 Portal Projectile        Hex/Tloc       24%        N/A       26%         3
 Sandblast                Erth           4%         2d4       41%         1
 Beastly Appendage        Tmut           4%         N/A       43%         1
 Kiss of Death            Conj/Necr      8%         2d6       43%         1
 Magic Dart               Conj           8%         1d3       43%         1
 Call Imp                 Summ           2%         N/A       56%         2
 Passwall                 Tmut/Erth      1%         N/A       56%         2
 Wereblood                Tmut           2%         N/A       58%         2
 Stone Arrow              Conj/Erth      4%         3d7       80%         3
 Summon Guardian Golem    Hex/Summ       2%         N/A       80%         3
 Confusing Touch          Hex            2%         N/A       82%         3
 Inner Flame              Hex/Fire       2%         N/A       82%         3
 Mephitic Cloud           Conj/Pois/Air  2%         N/A       82%         3
 Ozocubu's Armour         Ice            2%         N/A       82%         3
 Spider Form              Tmut/Pois      2%         N/A       82%         3
 Tukima's Dance           Hex            2%         N/A       82%         3
 Cause Fear               Hex            1%         N/A       99%         4
 Dispel Undead            Necr           2%         3d7       99%         4
 Summon Ice Beast         Ice/Summ       2%         N/A       99%         4
 Blade Hands              Tmut           1%         N/A       100%        5
 Summon Mana Viper        Hex/Summ       2%         N/A       100%        5
 Iron Shot                Conj/Erth      1%         9d1       100%        6
 Monstrous Menagerie      Summ           1%         N/A       100%        7
 Orb of Destruction       Conj           1%         9d5       100%        7
 Ozocubu's Refrigeration  Ice            1%         4d7       100%        7
 Spellforged Servitor     Conj/Summ      1%         N/A       100%        7
 Storm Form               Tmut/Air       1%         N/A       100%        7
 Discord                  Hex            1%         N/A       100%        8


Dungeon Overview and Level Annotations

Branches:
Dungeon (15/15)            Temple (0/1) D:4            Lair (5/5) D:10
 Shoals (3/4) Lair:3       Spider (1/4) Lair:2        Slime (0/5) Lair:5
    Orc (2/2) D:11            Elf (1/3) Orc:2        Vaults (0/5) D:13
 Depths (0/4) D:15        Ossuary (visited)          Bailey (visited)
  IceCv (visited)         Gauntlet (visited)

Altars:
Cheibriados
Dithmenos
Kikubaaqudgha
Okawaru
Trog
Vehumet
Xom
Zin
Ignis
Jiyva

Shops:
D:3 :   D:6 *   D:9 =   D:15 !   Orc:2 *![((   Elf:1 *   Shoals:1 [*

Annotations:
D:15 3 exclusions
Shoals:2 exclusion: downstairs


Innate Abilities, Weirdness & Mutations

You are completely covered in rugged brown scales. (AC +3, +7% HP)
Armour fits poorly on your strangely shaped body.
You have a long armoured tail.
You roll when moving toward enemies. (Rampage)
Your long tongue fully drains potion bottles. (2x potion effects)
Your tongue gives you trouble enunciating. (1.5x scroll delay)


Message History

a +0 trident; a boomerang The satyr shoots an arrow.
The arrow misses you.
The faun unwields a +0 sling.
The faun wields a +0 spear.
The faun hits you with a +0 spear! The merfolk misses you.
You roll towards the satyr!
The faun unwields a +0 sling.
The faun wields a +0 spear.
The faun hits you with a +0 spear!!
* * * LOW HITPOINT WARNING * * *
The satyr shoots an arrow.
The arrow hits you but does no damage.
The merfolk avatar chants a haunting song.
You resist. The faun casts a spell at you.
Your willpower is stripped away!
The faun unwields a +0 sling.
The faun wields a +0 spear.
The faun hits you with a +0 spear!
* * * LOW HITPOINT WARNING * * *
The satyr attacks as you move away!
The satyr unwields a +0 longbow.
The satyr wields a +0 spear.
The satyr hits you with a +0 spear!
* * * LOW HITPOINT WARNING * * *
The faun unwields a +0 spear.
The faun wields a +0 sling.
The faun shoots a sling bullet.
The sling bullet hits you but does no damage.
The satyr unwields a +0 spear.
The satyr wields a +0 longbow.
The satyr shoots an arrow.
The arrow completely misses you. The faun completely misses you.
The merfolk misses you.
There is a stone staircase leading up, spattered with blood here.
The faun unwields a +0 spear.
The faun wields a +0 sling.
The faun shoots a sling bullet.
The sling bullet barely misses you. The faun barely misses you.
The satyr plays a frightful melody on his pipes!
The satyr radiates an aura of fear!
You are terrified of the satyr!
The faun shoots a sling bullet.
The sling bullet hits you but does no damage.
The merfolk barely misses you.
You climb upwards.
Level annotation: exclusion: downstairs
There is a stone staircase leading down here.
Unknown command.
A protective cloak of flame settles atop you.
The faun hits you with a +0 spear!!
You die...

≈≈≈≈≈≈≈≈~~..## #....~~≈
≈≈≈≈≈≈≈≈≈~~...# #...~≈≈≈
≈≈≈≈≈≈≈≈≈~~...###....≈≈~
≈≈≈≈≈≈≈≈~~~~...~~....~.~
≈≈≈≈≈≈≈~~~~....~~~~~..≈≈
≈≈≈≈≈≈~~~.........~..~≈≈
≈≈≈≈≈≈~~.............P.≈
≈≈≈≈≈~~.......###)).P..≈
≈≈≈≈≈~m@...##.###..P.#.≈
≈≈≈≈≈~~c.)######..~..#.~
≈≈≈≈≈≈≈~~.)[##.#.~≈~PP...
≈≈≈≈≈≈≈~~~.[[[)..~≈≈≈≈≈..
≈≈≈≈≈≈≈≈~~.......≈~≈≈≈≈~.
≈≈≈≈≈≈≈~~........~.~≈≈≈~.
≈≈≈≈≈≈~.......###.≈≈~≈.(.
≈≈≈≈≈~~.....=####.≈≈≈..~P
≈≈≈≈≈~...###..##...P.≈≈≈≈


You could see a merfolk and a faun (strong).

Vanquished Creatures
  Mara (Shoals:2)
  Jorgrun (D:15)
  A kraken (Shoals:2)
  A tentacled starspawn (Abyss:2)
  An emperor scorpion (Spider:1)
  A ghost moth (Spider:1)
  An orc warlord (Orc:1)
  3 reapers (IceCv)
  Snorg (Lair:4)
  3 merfolk impalers
  A minotaur (Gauntlet)
  A green death (Gauntlet)
  5 hydras
  Erica (D:10)
  2 ogre magi
  A merfolk avatar (Shoals:2)
  A centaur warrior (D:14)
  4 boulder beetles
  2 satyrs (Shoals:2)
  A death knight (D:14)
  2 merfolk aquamancers
  8 two-headed ogres
  4 death yaks
  An orc high priest (D:11)
  3 dancing weapons (Elf:1)
  4 thrashing horrors (Abyss:2)
  2 fire crabs (Lair:5)
  Amaemon (Lair:3)
  4 sun demons (Abyss:2)
  A fire crab (shapeshifter) (D:15)
  A skeletal warrior (D:14)
  6 sea snakes
  6 skysharks
  A slime creature (D:15)
  2 spriggan simulacra (IceCv)
  An anaconda zombie (Abyss:2)
  6 harpies
  A bog body (IceCv)
  A wizard (D:14)
  2 phantasmal warriors (D:14)
  4 deep elf archers (Elf:1)
  2 orc knights (Orc:2)
  4 lindwurms (Lair:2)
  An obsidian statue (IceCv)
  6 deep elf zephyrmancers (Elf:1)
  An orc sorcerer (Orc:1)
  2 wolf spiders
  5 cyclopes
  2 large abominations (Abyss:2)
  9 deep elf pyromancers
  An oklob plant (D:10)
  12 ugly things
  10 manticores
  A moth of wrath (Gauntlet)
  2 black mambas
  20 elephants
  A merfolk siren (Shoals:2)
  A smoke demon (Abyss:2)
  2 water nymphs (Shoals:2)
  3 torpor snails
  2 orange demons
  2 gargoyles (D:12)
  2 unseen horrors
  8 cane toads
  4 rime drakes
  10 freezing wraiths
  7 komodo dragons
  2 ice devils (IceCv)
  2 anaconda simulacra (IceCv)
  A tengu conjurer (D:13)
  A red devil (Abyss:2)
  A golden dragon simulacrum (IceCv)
  2 efreet (Abyss:2)
  2 ancient zymes (Abyss:2)
  A queen bee (Gauntlet)
  13 trolls
  6 polar bears
  A wind drake (Shoals:2)
  2 hornets (Lair:5)
  18 merfolk
  Prince Ribbit (D:5)
  18 blink frogs
  A raiju (Abyss:2)
  17 dream sheep
  8 snapping turtles
  5 jumping spiders
  2 air elementals (Elf:1)
  16 water elementals
  9 spriggans (Lair:5)
  3 shadows
  A culicivora (Lair:2)
  A wraith (D:11)
  A fire elemental (Elf:1)
  5 wyverns
  34 yaks
  2 basilisks
  7 redbacks
  4 steam dragons
  3 vampire mosquitoes (D:13)
  5 minotaur simulacra (IceCv)
  2 wargs (D:11)
  17 water moccasins
  4 acid dragons
  A hydra simulacrum (IceCv)
  An ice beast (D:5)
  An ettin simulacrum (IceCv)
  38 orc warriors
  A sky beast (D:6)
  3 black bears
  4 boggarts (Lair:5)
  16 centaurs
  24 wolves
  9 ogres
  A phantom (D:5)
  4 small abominations (Abyss:2)
  4 kobold brigands
  9 bullfrogs
  3 deep troll simulacra (IceCv)
  2 necrophages
  3 earth elementals (Elf:1)
  3 scorpions
  9 gnoll sergeants (Bailey)
  9 wights (D:8)
  A lindwurm simulacrum (IceCv)
  12 killer bees
  4 electric eels
  5 howler monkeys
  3 centaur zombies (Ossuary)
  A quasit (Abyss:2)
  5 jellies
  14 orc priests
  4 hounds
  Crazy Yiuf (D:2)
  9 gnoll boudas
  5 iguanas
  13 orc wizards
  2 ogre zombies (Ossuary)
  Robin (D:2)
  7 mummies (Ossuary)
  26 gnolls
  6 adders
  An ufetubus (D:7)
  6 adder zombies (Ossuary)
  2 dart slugs
  72 orcs
  6 endoplasms
  6 giant cockroaches
  18 goblins
  12 hobgoblins
  7 quokkas
  4 ball pythons
  3 bats
  6 frilled lizards
  4 goblin zombies (Ossuary)
  A hobgoblin zombie (Ossuary)
  27 kobolds
  5 kobold zombies (Ossuary)
  An orc zombie (Ossuary)
  3 quokka zombies (Ossuary)
  4 rats
  5 rat zombies (Ossuary)
  A starspawn tentacle (Abyss:2)
  3 tentacles (Shoals:2)
893 creatures vanquished.

Vanquished Creatures (collateral kills)
  A balrug (Abyss:2)
  A merfolk impaler (Shoals:2)
  A centaur warrior (D:15)
  An orc knight (Orc:2)
  A harpy (Shoals:2)
  A manticore (Shoals:2)
  An ugly thing (D:14)
  An efreet (D:15)
  An ancient zyme (Abyss:2)
  A merfolk (Shoals:2)
  A hornet (Lair:5)
  2 spriggans (Lair:5)
  A wraith (D:14)
  A yak (Lair:5)
  2 centaurs
  A boggart (Lair:5)
  6 wolves (Lair:5)
  An orc (Orc:2)
25 creatures vanquished.

Vanquished Creatures (others)
  A deep elf knight (Elf:1)
  A water elemental (Elf:1)
  A small abomination (Abyss:2)
  4 demonic plants (Gauntlet)
  38 fungi
  73 plants
  3 starspawn tentacles (Abyss:2)
  5 tentacles (Shoals:2)
126 creatures vanquished.

Grand Total: 1044 creatures vanquished

Notes
Turn   | Place    | Note
-------+----------+-------------------------------------------
     0 | D:5      | Monkooky the Armataur Delver began the quest for the Orb.
     0 | D:5      | Reached XP level 1. HP: 19/19 MP: 1/1
    68 | D:5      | Noticed a phantom
    71 | D:5      | Noticed a jelly
    80 | D:5      | Reached XP level 2. HP: 23/26 MP: 2/2
    95 | D:5      | Reached XP level 3. HP: 21/32 MP: 3/3
   107 | D:5      | Killed a phantom
   108 | D:5      | Reached XP level 4. HP: 9/39 MP: 4/4
   123 | D:5      | Noticed an ice beast
   133 | D:5      | Found a sand-covered staircase.
   145 | Ossuary  | Entered an ossuary
   326 | Ossuary  | Reached XP level 5. HP: 43/44 MP: 5/5
   380 | Ossuary  | Reached skill level 5 in Maces & Flails
   465 | Ossuary  | Reached skill level 1 in Armour
   650 | Ossuary  | Reached XP level 6. HP: 51/53 MP: 6/6
  1868 | D:3      | Found Jiemmix's Vocational Training.
  2045 | D:3      | Found a faded altar of an unknown god.
  2054 | D:3      | Prayed at the altar of an unknown god.
  2054 | D:3      | Became a worshipper of Ignis, the Dying Flame
  2610 | D:2      | Noticed Robin
  2677 | D:2      | Killed Robin
  2761 | D:2      | Found a runed translucent door.
  2762 | D:2      | Noticed Crazy Yiuf
  2764 | D:2      | Identified the +4 hammer "Jatrogh" {drain, rC+ Dex+3}
  3355 | D:3      | Found a faded altar of an unknown god.
  3359 | D:3      | Found a shadowy altar of Dithmenos.
  3921 | D:4      | Reached XP level 7. HP: 62/62 MP: 7/7
  4051 | D:4      | Found a radiant altar of Vehumet.
  4347 | D:4      | Found a staircase to the Ecumenical Temple.
  4399 | D:5      | Noticed Prince Ribbit
  4423 | D:5      | Killed Prince Ribbit
  4424 | D:5      | Reached skill level 5 in Fighting
  4492 | D:5      | Reached XP level 8. HP: 64/73 MP: 8/8
  5192 | D:6      | Found Pemo's Assorted Antiques.
  5206 | D:6      | Bought a red potion for 28 gold pieces
  5206 | D:6      | Bought a bubbling amethyst potion for 28 gold pieces
  5206 | D:6      | Identified a scroll of acquirement
  5207 | D:6      | Acquired a +0 barding of cold resistance
  5436 | D:6      | Found a shimmering altar of Xom.
  5526 | D:6      | Reached XP level 9. HP: 80/84 MP: 9/9
  6030 | D:7      | Found an iron altar of Okawaru.
  6581 | D:8      | Reached skill level 5 in Armour
  6873 | D:8      | Found a snail-covered altar of Cheibriados.
  7467 | D:8      | Reached XP level 10. HP: 73/97 MP: 10/10
  7632 | D:9      | Found Syry's Jewellery Emporium.
  7765 | D:9      | Reached skill level 1 in Staves
  7783 | D:9      | Noticed a two-headed ogre
  7794 | D:9      | Killed a two-headed ogre
  7947 | D:9      | Noticed a two-headed ogre
  7960 | D:9      | Killed a two-headed ogre
  7961 | D:9      | Reached skill level 5 in Staves
  8053 | D:9      | Found a bloodstained altar of Trog.
  8326 | D:10     | Entered Level 10 of the Dungeon
  8362 | D:10     | Found a flagged portal.
  8370 | Bailey   | Entered a bailey
  8728 | Bailey   | Identified the amulet "Tetep" {Acrobat rPois rC+ MP+9
                  | Int-2}
  8732 | Bailey   | Identified the +2 leather armour "Fojyownu" {Str+7}
  9169 | D:10     | Noticed an oklob plant
  9174 | D:10     | Found a staircase to the Lair.
  9456 | D:10     | Found a glowing silver altar of Zin.
  9533 | D:10     | Noticed a deep elf pyromancer
  9540 | D:10     | Killed a deep elf pyromancer
  9546 | D:10     | Reached XP level 11. HP: 86/103 MP: 11/11
  9603 | D:10     | Noticed Erica
  9632 | D:10     | Killed Erica
 10142 | D:10     | Found an ancient bone altar of Kikubaaqudgha.
 10992 | D:11     | Reached skill level 10 in Staves
 11411 | D:11     | Found a staircase to the Orcish Mines.
 11587 | D:10     | Killed an oklob plant
 11801 | D:2      | Killed Crazy Yiuf
 11999 | Lair:1   | Entered Level 1 of the Lair of Beasts
 11999 | Lair:1   | Found a gate leading to a gauntlet.
 12011 | Gauntlet | Entered a Gauntlet
 12011 | Gauntlet | Found a transporter.
 12011 | Gauntlet | Found a runed translucent gate.
 12011 | Gauntlet | Found a transporter.
 12013 | Gauntlet | Noticed a large abomination
 12032 | Gauntlet | Found a runed translucent gate.
 12033 | Gauntlet | Found a runed translucent gate.
 12038 | Gauntlet | Found a transporter.
 12042 | Gauntlet | Found a transporter.
 12050 | Gauntlet | Found a transporter.
 12054 | Gauntlet | Found a transporter.
 12062 | Gauntlet | Found a transporter.
 12075 | Gauntlet | Noticed a green death
 12079 | Gauntlet | Found a transporter.
 12094 | Gauntlet | Found a transporter.
 12097 | Gauntlet | Found a transporter.
 12098 | Gauntlet | Found a runed translucent door.
 12108 | Gauntlet | Found a transporter.
 12133 | Gauntlet | Found a transporter.
 12181 | Gauntlet | Identified the ring of the Ban {rC+ Str+3 Dex-3 SInv}
 12444 | Gauntlet | Killed a green death
 12446 | Gauntlet | Identified the +0 cloak "Linyinn" {rC- Str+4}
 12535 | Gauntlet | Noticed a minotaur
 12551 | Gauntlet | Killed a minotaur
 12771 | Lair:1   | Noticed a boulder beetle
 12780 | Lair:1   | Killed a boulder beetle
 12850 | Lair:1   | Reached XP level 12. HP: 93/111 MP: 12/12
 13245 | Lair:1   | Reached skill level 1 in Throwing
 13823 | Lair:2   | Found a hole to the Spider Nest.
 13937 | Lair:2   | Noticed an eight-headed hydra
 13947 | Lair:2   | Reached skill level 5 in Throwing
 14171 | Lair:2   | Killed an eight-headed hydra
 14634 | D:3      | Bought a manual of Evocations for 960 gold pieces
 15193 | Lair:2   | Reached skill level 5 in Evocations
 15226 | Lair:2   | Identified the +0 pair of boots of Qujuenac {rC+}
 15525 | Lair:3   | Reached XP level 13. HP: 109/118 MP: 13/13
 16367 | Lair:3   | Reached skill level 10 in Evocations
 16565 | Lair:3   | Noticed Amaemon
 16955 | Lair:3   | Killed Amaemon
 17124 | Lair:3   | Found a staircase to the Shoals.
 17334 | Lair:4   | Identified the +2 flail "Aneg" {chaos, rF+ Str-3 Int+5}
 17465 | Lair:4   | Noticed Snorg
 17489 | Lair:4   | Killed Snorg
 18326 | Lair:5   | Entered Level 5 of the Lair of Beasts
 18441 | Lair:5   | Found a staircase to the Slime Pits.
 18442 | Lair:5   | Found a viscous altar of Jiyva.
 18532 | Lair:5   | Reached skill level 15 in Evocations
 18832 | Lair:5   | Reached XP level 14. HP: 109/127 MP: 14/14
 18894 | Lair:5   | Reached skill level 10 in Fighting
 19337 | Lair:5   | Reached skill level 10 in Armour
 20274 | Lair:5   | Identified the +5 battleaxe "Hadix" {heavy, Str-3 Dex+4}
 20634 | Orc:1    | Entered Level 1 of the Orcish Mines
 21339 | Orc:2    | Entered Level 2 of the Orcish Mines
 21339 | Orc:2    | Found Biff's Antique Weapon Shop.
 21714 | Orc:2    | Found a staircase to the Elven Halls.
 21991 | Orc:2    | Found Aloxti's Distillery.
 21991 | Orc:2    | Found Asiaq's Armour Shoppe.
 21993 | Orc:2    | Found Kemaat's Weapon Emporium.
 21995 | Orc:2    | Found Hegy's Assorted Antiques.
 21999 | Orc:2    | Bought a potion of might for 52 gold pieces
 21999 | Orc:2    | Bought a potion of heal wounds for 65 gold pieces
 21999 | Orc:2    | Bought a potion of heal wounds for 65 gold pieces
 22377 | Orc:1    | Noticed an orc warlord
 22394 | Orc:1    | Killed an orc warlord
 23111 | D:12     | Identified the ring "Sunucoc" {Fly rPois Int+6 Dex+4}
 23917 | D:13     | Reached XP level 15. HP: 139/139 MP: 15/15
 24240 | D:13     | Paralysed by an ogre mage for 4 turns
 24295 | D:13     | Found a gate to the Vaults.
 25111 | D:14     | Found a frozen archway.
 25118 | IceCv    | Entered an ice cave
 25784 | IceCv    | Reached skill level 10 in Throwing
 26700 | D:15     | Entered Level 15 of the Dungeon
 26700 | D:15     | Found Zaxaloz's Distillery.
 26856 | D:15     | Found a staircase to the Depths.
 26856 | D:15     | Noticed a fire giant
 26916 | D:15     | Noticed Jorgrun
 26926 | D:15     | Killed Jorgrun
 27750 | Shoals:1 | Entered Level 1 of the Shoals
 27756 | Shoals:1 | Found Ittaoc's Antique Armour Shoppe.
 27776 | Shoals:1 | Identified the +1 dagger of Riff {heavy, Int+3}
 27963 | Shoals:1 | Found Beimazu's Gadget Gallery.
 27972 | Shoals:1 | Bought a phantom mirror for 680 gold pieces
 28175 | Shoals:1 | You fall into a shaft and drop 1 floor!
 28509 | Shoals:2 | Reached XP level 16. HP: 138/147 MP: 16/16
 29726 | Shoals:2 | Learned a level 2 spell: Blink
 29726 | Shoals:2 | Noticed a kraken
 29744 | Shoals:2 | Killed a kraken
 29745 | Shoals:2 | Reached skill level 1 in Translocations
 30126 | Shoals:2 | Reached skill level 1 in Spellcasting
 30912 | Shoals:3 | Noticed Mara
 30918 | Shoals:2 | Noticed Monkooky's illusion
 30931 | Shoals:2 | Killed Mara
 31157 | Shoals:2 | Reached skill level 5 in Translocations
 31548 | Spider:1 | Entered Level 1 of the Spider Nest
 32447 | Elf:1    | Entered Level 1 of the Elven Halls
 32499 | Elf:1    | Found a radiant altar of Vehumet.
 33084 | Elf:1    | Paralysed by an air elemental for 1 turns
 33090 | Elf:1    | Paralysed by an air elemental for 1 turns
 33186 | Elf:1    | Reached skill level 15 in Armour
 33307 | Elf:1    | Paralysed by an air elemental for 1 turns
 33320 | Elf:1    | Paralysed by an air elemental for 1 turns
 33537 | Orc:2    | Learned a level 4 spell: Manifold Assault
 33542 | Orc:2    | Learned a level 4 spell: Animate Armour
 33909 | Elf:1    | Found Gouvuq's General Store.
 34086 | Abyss:2  | Cast into level 2 of the Abyss (a deep elf demonologist)
 34311 | Abyss:2  | Noticed a bone dragon
 34478 | Abyss:2  | Found a corrupted altar of Lugonu.
 34579 | Abyss:2  | Noticed a tentacled starspawn
 34588 | Abyss:2  | Killed a tentacled starspawn
 34599 | Elf:1    | Escaped the Abyss
 34892 | Shoals:3 | Reached XP level 17. HP: 146/156 MP: 19/22
 35523 | Orc:2    | Bought a scroll of teleportation for 87 gold pieces
 35523 | Orc:2    | Bought a potion of curing for 87 gold pieces
 35523 | Orc:2    | Bought a potion of heal wounds for 145 gold pieces
 35732 | Shoals:2 | Slain by a faun

Illustrated notes

Levels and vault maps discovered:
D:1:      matt_arrival_grand_opening, layout_rooms,
          minmay_misc_feat_four_crosses
D:2:      layout_rooms, hex_large, chequers_serial_rivers_small_b, uniq_robin,
          uniq_crazy_yiuf_cottage
D:3:      layout_loops_ring, nicolae_overflow_ecumenical_swirl,
          chequers_ecumenical_altar_island, hex_tiny, roderic_lattice_a,
          nicolae_shop_vocational
D:4:      layout_gridville, vehumet_crystals,
          minmay_temple_entry_enclosed_plants
D:5:      layout_rooms, lightli_ossuary_entry_decrepit_ruins, solitary_fountain,
          minmay_misc_feat_rugged, minmay_starry_boxes, uniq_prince_ribbit1
D:6:      layout_basic, dk_xom_monty_hall, serial_shops, shop
D:7:      layout_basic, okawaru_altar_gauntlet_db
D:8:      layout_gridville, mainiacjoe_overflow_small_starburst
D:9:      layout_rooms, mainiacjoe_overflow_24_doors, serial_shops,
          nicolae_shop_hallway_plus
D:10:     layout_loops_corners, lemuel_tele_altar,
          mainiacjoe_overflow_surrounded_room, dpeg_oklobed_lair,
          enter_bailey_3, uniq_erica
D:11:     layout_loops_ring, erik_orc_2
D:12:     layout_roguey
D:13:     layout_grid_maze, david_vaults_2
D:14:     layout_loops_cross, portal_ice_cave_entry_pillars_2
D:15:     grunt_enter_depths_giant_problem, layout_basic, serial_shops, shop,
          shop, uniq_jorgrun
Lair:1:   layout_chaotic_city, gauntlet_entry_generic,
          infiniplex_staircase_pool, grunt_megastairs_1
Lair:2:   layout_chaotic_city, spider_nest_entry_funnel_web,
          minmay_lindwurm_lava
Lair:3:   layout_regular_city, elwin_shoals_entry_rooms, minmay_holes,
          uniq_amaemon
Lair:4:   layout_cave_pods, lemuel_fruit_fields, grunt_megastairs_2, uniq_snorg
Lair:5:   minmay_lair_end_enchanted_forest, layout_misc_corridors,
          nicolae_slime_entry_slimehenge, grunt_megastairs_3,
          serial_bayou_shore_b
Shoals:1: layout_shoals, serial_shops, nicolae_diamond_shop,
          nicolae_shop_gadgets
Shoals:2: layout_shoals, nicolae_shoals_elemental_ambush
Shoals:3: layout_shoals, uniq_kirke, uniq_ilsuiw, uniq_mara
Spider:1: layout_spider_delve, nicolae_spider_jagged_tunnels
Orc:1:    layout_caves
Orc:2:    st_orc_rangers, layout_caves, serial_shops, shop, basic_altar
Elf:1:    eino_elf_arrival_altar, layout_loops_corners,
          ebering_ghost_reflecting_pool, serial_shops, nicolae_shop_waterfront,
          basic_altar, minivault_28, uniq_louise, uniq_asterion

Skill      XL: |  1  2  3  4  5  6  7  8  9 10 11 12 13 14 15 16 17 |
---------------+----------------------------------------------------+-----
Maces & Flails | 2 3 4 5 6 7 8 |  8.1
Armour         | 2 4 8 9 13 15 | 15.0
Fighting       | 3 5 7 9 11 12 | 12.2
Staves         | 8 12 13 | 13.0
Throwing       | 6 11 12 | 12.1
Evocations     | 7 15 | 15.0
Dodging        | 3 4 |  4.3
Translocations | 8 |  8.4
Spellcasting   | 3 |  3.6
Stealth        | |  5.5
Summonings     | |  0.1
Earth Magic    | |  0.2

Action                     |  1- 3 |  4- 6 |  7- 9 | 10-12 | 13-15 | 16-18 || total
---------------------------+-------+-------+-------+-------+-------+-------++-------
  Melee: Mace              |    35 |   283 |   328 |    61 |       |       ||   707
         Tailslap          |     6 |    41 |    46 |    99 |   191 |    95 ||   478
         Punch             |     1 |     1 |       |       |     1 |       ||     3
         Flail             |       |       |       |   132 |    25 |       ||   157
         Lajatang          |       |       |       |   411 |  1141 |   668 ||  2220
  Throw: Dart              |       |       |     4 |    44 |    31 |       ||    79
         Boomerang         |       |       |       |     4 |    10 |     5 ||    19
   Cast: Blink             |       |       |       |       |       |     2 ||     2
         Manifold Assault  |       |       |       |       |       |     2 ||     2
 Invoke: Fiery Armour      |       |       |       |     1 |     1 |     2 ||     4
  Evoke: Wand              |       |       |       |     6 |    28 |    18 ||    52
         Box of beasts     |       |       |       |       |     5 |     2 ||     7
         Phantom mirror    |       |       |       |       |       |     1 ||     1
    Use: Potion            |     1 |       |       |     5 |     7 |    15 ||    28
         Scroll            |       |     4 |     8 |    20 |     9 |     8 ||    49
   Stab: Sleeping          |       |    25 |     5 |     6 |     5 |       ||    41
         Distracted        |       |     1 |       |       |     4 |       ||     5
         Invisible         |       |       |       |     1 |     5 |       ||     6
         Paralysed         |       |       |       |       |     2 |    10 ||    12
 Armour: Leather armour    |    15 |    60 |       |   178 |   336 |       ||   589
         Ring mail         |       |    49 |    29 |       |       |       ||    78
         Skin              |       |     2 |       |     6 |       |       ||     8
         Steam dragon scal |       |       |   135 |       |       |       ||   135
         Plate armour      |       |       |    54 |   145 |   389 |   416 ||  1004
         Pearl dragon scal |       |       |       |       |       |   207 ||   207
  Dodge: Dodged            |    15 |    99 |   114 |   250 |   664 |   475 ||  1617
  Block: Buckler           |       |    17 |    96 |    56 |       |       ||   169

Table legend: (Time is in decaauts)
 A = Elapsed time spent in this place.
 B = Non-inter-level travel time spent in this place.
 C = Inter-level travel time spent in this place.
 D = Time resting spent in this place.
 E = Time spent auto-exploring this place.
 F = Levels seen in this place.
 G = Mean time per level.
                   A        B        C        D        E       F      G
               +--------+--------+--------+--------+--------+-----+--------+
         Total |  35259 |  32140 |   3119 |   6230 |  18792 |  32 | 1101.8 |
       Dungeon |  14777 |  12801 |   1976 |   1508 |   8731 |  15 |  985.1 |
          Lair |   8187 |   7579 |    608 |   1269 |   4820 |   5 | 1637.4 |
        Shoals |   4147 |   3901 |    246 |   1180 |   1943 |   3 | 1382.3 |
   Spider Nest |    308 |    308 |      0 |      0 |    205 |   1 |  308.0 |
  Orcish Mines |   2342 |   2058 |    284 |    764 |    942 |   2 | 1171.0 |
   Elven Halls |   1002 |   1000 |      2 |    113 |    582 |   1 | 1002.0 |
         Abyss |    501 |    501 |      0 |    206 |     23 |   1 |  501.0 |
       Ossuary |   1451 |   1451 |      0 |    514 |    576 |   1 | 1451.0 |
        Bailey |    726 |    726 |      0 |    124 |    306 |   1 |  726.0 |
      Ice Cave |   1108 |   1108 |      0 |    378 |    375 |   1 | 1108.0 |
      Gauntlet |    706 |    706 |      0 |    172 |    288 |   1 |  706.0 |
               +--------+--------+--------+--------+--------+-----+--------+

Top non-repeatable levels by time:
Shoals:2: 3000 daAuts
  Lair:2: 2171 daAuts
  Lair:5: 2068 daAuts
    D:11: 2033 daAuts
  Lair:3: 1695 daAuts
   Orc:2: 1515 daAuts
    D:10: 1490 daAuts
 Ossuary: 1451 daAuts
  Lair:1: 1207 daAuts
   IceCv: 1108 daAuts
Shoals:1: 1095 daAuts
    D:13: 1092 daAuts
     D:6: 1061 daAuts
  Lair:4: 1044 daAuts
     D:7: 1041 daAuts
